 Dungeon Crawl Stone Soup version 0.16-a0-922-gae79c9c (webtiles) character file.

11436 PolkaDot the Summoner (level 11, -11/68 HPs)
             Began as a Vampire Summoner on Sept 30, 2014.
             Was a Priest of Sif Muna.
             Mangled by an eight-headed hydra (13 damage)
             ... on Level 3 of the Lair of Beasts.
             The game lasted 01:08:50 (13214 turns).

PolkaDot the Summoner (Vampire Summoner)           Turns: 13214, Time: 01:08:51

HP -11/68        AC  9     Str  7      XL: 11   Next: 49%
MP  19/19        EV 13     Int 20      God: Sif Muna [***...]
Gold 1369        SH  0     Dex 20      Spells:  5 memorised,  0 levels left

rFire  . . .     SeeInvis +     a - +6 lajatang
rCold  . . .     Clarity  .     p - +2 robe {Archmagi}
rNeg   . . .     rCorr    .     (no shield)
rPois  .         rRot     .     v - +2 helmet
rElec  .         Spirit   .     g - +1 cloak
SustAb .         Warding  .     (no gloves)
rMut   .         Stasis   .     (no boots)
Gourm  .                        b - amulet of faith
MR     +....                    G - +6 ring of dexterity
                                i - ring of regeneration

@: regenerating quickly, somewhat resistant to hostile enchantments, fairly
stealthy
A: bottle blood, fangs 3, see invisible, unbreathing
a: Bottle Blood, Channel Energy, Forget Spell, Renounce Religion


You were on level 3 of the Lair of Beasts.
You worshipped Sif Muna.
Sif Muna was most pleased with you.
You were very full.

You visited 3 branches of the dungeon, and saw 13 of its levels.
You also visited: Bailey.

You collected 1508 gold pieces.
You spent 139 gold pieces at shops.

Inventory:

Hand weapons
 a - a +6 lajatang (weapon)
Missiles
 c - 214 arrows
 e - 24 poisoned arrows
 f - 9 arrows of flame
 H - 24 arrows of frost
Armour
 g - a +1 cloak (worn)
 p - a +2 robe of the Archmagi (worn)
 v - a +2 helmet (worn)
Magical devices
 d - a wand of slowing (5)
 n - a wand of paralysis (1)
 t - a wand of flame (13)
 F - a wand of confusion (12)
Scrolls
 j - 3 scrolls of amnesia
 k - 4 scrolls of fog
 l - 12 scrolls of remove curse
 o - a scroll of vulnerability
 w - a scroll of summoning
 x - 3 scrolls of immolation
 y - a scroll of teleportation
 E - a scroll of noise
Jewellery
 b - an amulet of faith (around neck)
 i - a ring of regeneration (left hand)
 G - a +6 ring of dexterity (right hand)
Potions
 r - 2 potions of lignification
 s - 2 potions of brilliance
 z - 3 potions of agility
 A - a potion of restore abilities
 B - 34 potions of blood {@*1}
 C - 2 potions of cancellation
 I - a potion of heal wounds
Books
 D - a book of Callings

   Spells                             Type                      Level
   *Summon Small Mammal               Summoning                    1
   *Call Imp                          Summoning                    2
   *Call Canine Familiar              Summoning                    3
   *Summon Guardian Golem             Hexes/Summoning              4
   Summon Lightning Spire             Summoning/Air                4
   *Summon Ice Beast                  Ice/Summoning                4
Magical staves
 u - an uncursed staff of wizardry


   Skills:
 * Level 4.8 Staves
 - Level 2.1 Dodging
 - Level 3.0 Stealth
 - Level 2.0 Spellcasting
 * Level 4.7 Hexes
 - Level 13.5 Summonings
 - Level 8.9 Ice Magic
 - Level 5.0 Invocations


You couldn't memorise any spells.
You knew the following spells:

 Your Spells              Type           Power        Failure   Level  Hunger
a - Summon Small Mammal   Summ           ####         1%          1    #......
d - Call Canine Familiar  Summ           ######..     1%          3    ###....
g - Summon Guardian Gole  Hex/Summ       ######..     4%          4    #####..
i - Summon Ice Beast      Ice/Summ       ######..     1%          4    #####..
s - Call Imp              Summ           ######..     1%          2    ##.....


Dungeon Overview and Level Annotations

Branches:
Dungeon (9/15)             Temple (1/1) D:4            Lair (3/8) D:9
 Spider (0/5) Lair:3
    Orc: D:9-12       Swamp: Lair:3-6    Shoals: Lair:3-6

Altars:
Ashenzari
Cheibriados
Dithmenos
Elyvilon
Fedhas
Gozag
Kikubaaqudgha
Makhleb
Nemelex Xobeh
Okawaru
Qazlal
Ru
Sif Muna
Trog
Vehumet
Xom
Yredelemnul
Zin
The Shining One

Shops:
D:4 [[[


Innate Abilities, Weirdness & Mutations

Your natural rate of healing is unusually fast.
You can bottle blood from corpses.
You have razor-sharp teeth.
You have supernaturally acute eyesight.
You can survive without breathing.


Message History

The eight-headed hydra bites you but does no damage.
The eight-headed hydra bites you.
* * * LOW HITPOINT WARNING * * *
The eight-headed hydra closely misses you.
The eight-headed hydra bites you but does no damage.
The eight-headed hydra completely misses you.
The eight-headed hydra barely misses you.
Your ice beast hits the eight-headed hydra.
Your ice beast freezes the eight-headed hydra!
The eight-headed hydra bites you!
* * * LOW HITPOINT WARNING * * *
The eight-headed hydra barely misses you.
The eight-headed hydra bites you.
* * * LOW HITPOINT WARNING * * *
The eight-headed hydra misses you. The eight-headed hydra bites you.
* * * LOW HITPOINT WARNING * * *
The eight-headed hydra barely misses you.
The eight-headed hydra closely misses you.
The eight-headed hydra bites you!
You die...

##...........#####........
##..........## ##........
#............# #........#
#...........## #........#
#...........## ##.......#
##......Y....# #........
#...........P# ##P.......
#P......rD..## #P.P......
#........@..# #.P.....#
##..........# #........
#...........# ##....(..#
##..........# #P.......#
#..........######.......#
#..........#...#........#
#...................≈≈≈.≈
#.................%≈.≈≈.≈
##..................≈≈.≈%≈


You could see an eight-headed hydra, a green rat and a friendly ice beast.

Vanquished Creatures
  2 spiny frogs
  A komodo dragon (Lair:3)
  A slime creature (D:7)
  3 yaks
  2 hungry ghosts (D:7)
  3 hippogriffs
  2 wolves (Lair:1)
  The ghost of Pimmortal the Insei, an average GrMo (D:3)
  2 water moccasins
  3 porcupines
  A spider (Lair:3)
  2 orc warriors
  2 sky beasts
  4 centaurs
  An ogre (D:9)
  3 crocodiles
  Duvessa (D:5)
  3 giant frogs
  A komodo dragon skeleton (D:9)
  A troll skeleton (D:8)
  A goliath beetle (D:6)
  4 crimson imps
  5 iguanas
  A giant frog skeleton (D:6)
  6 jellies (D:7)
  2 orc priests
  5 hounds
  5 worker ants
  An orc wizard (D:6)
  19 sheep
  13 green rats (Lair:3)
  3 gnolls (D:9)
  9 adders
  A gnoll skeleton (D:9)
  2 orc skeletons
  A giant mite (D:5)
  An iguana skeleton (D:5)
  An adder skeleton (D:7)
  3 giant geckos
  16 oozes (D:7)
  23 orcs
  A ball python (D:2)
  14 bats
  A bat skeleton (D:4)
  11 goblins
  13 hobgoblins
  13 kobolds
  3 giant cockroaches (D:3)
  3 giant newts
  A hobgoblin skeleton (D:5)
  10 jackals
  2 kobold zombies
  6 quokkas
  A quokka zombie (D:9)
  13 rats
  A rat skeleton (D:5)
254 creatures vanquished.

Vanquished Creatures (collateral kills)
  An orc knight (Bailey)
  A griffon (Lair:2)
  A black mamba (Lair:1)
  4 spiny frogs
  4 komodo dragons
  A fire drake (Lair:3)
  2 trolls (D:9)
  A basilisk (Lair:1)
  Eustachio (D:7)
  5 yaks
  Grum (D:9)
  6 wolves
  8 water moccasins
  6 orc warriors
  2 sky beasts (D:7)
  3 ogres
  A black bear (D:7)
  3 porcupines
  7 spiders (Lair:3)
  Sigmund (D:4)
  3 crocodiles
  A giant frog (Lair:1)
  A big kobold (D:7)
  2 scorpions
  Dowan (D:5)
  2 crimson imps (D:5)
  A giant frog zombie (D:5)
  A two-headed ogre zombie (D:8)
  3 orc priests
  4 hounds (Lair:3)
  4 orc wizards
  3 worker ants
  A sheep (Lair:2)
  5 gnolls (Bailey)
  4 adders
  7 green rats (Lair:3)
  A shadow imp (D:5)
  2 worms
  A giant gecko (D:3)
  An ooze (D:4)
  26 orcs
  2 bats
  4 hobgoblins
  2 jackals (D:8)
  24 kobolds
  4 quokkas
  A giant gecko zombie (D:7)
  A giant newt (D:1)
  2 ballistomycetes (D:9)
  2 plants (Lair:2)
175 creatures vanquished.

Vanquished Creatures (others)
  10 ice beasts
  A wolf (D:7)
  7 wargs
  2 crimson imps
  A hound (D:3)
  2 shadow imps
  3 white imps
  A giant spore (D:9)
  A quokka (D:3)
  A fungus (D:7)
29 creatures vanquished.

Grand Total: 458 creatures vanquished

Notes
Turn   | Place    | Note
--------------------------------------------------------------
     0 | D:1      | PolkaDot, the Vampire Summoner, began the quest for the Orb.
     0 | D:1      | Reached XP level 1. HP: 13/13 MP: 3/3
   253 | D:1      | Reached XP level 2. HP: 19/19 MP: 4/4
   807 | D:1      | Learned a level 2 spell: Call Imp
   815 | D:2      | Reached skill level 5 in Summonings
   908 | D:2      | Reached XP level 3. HP: 24/24 MP: 6/6
  1005 | D:2      | Learned a level 3 spell: Call Canine Familiar
  1702 | D:3      | Found a shattered altar of Ashenzari.
  1869 | D:3      | Noticed Pimmortal's ghost (average GrMo)
  1892 | D:3      | Killed Pimmortal's ghost
  1892 | D:3      | Reached skill level 6 in Summonings
  1892 | D:3      | Reached XP level 4. HP: 22/30 MP: 1/7
  2063 | D:3      | Reached XP level 5. HP: 29/35 MP: 9/9
  2807 | D:4      | Found Chiodwomp's Antique Armour Emporium.
  2819 | D:4      | Bought an embroidered cloak for 121 gold pieces
  2819 | D:4      | Bought an embroidered robe for 18 gold pieces
  2842 | D:4      | Found a staircase to the Ecumenical Temple.
  2877 | Temple   | Entered the Ecumenical Temple
  3116 | D:4      | Found Doelal's Armour Shop.
  3164 | D:4      | Found Nuppang's Armour Shop.
  3170 | D:4      | Reached skill level 7 in Summonings
  3391 | D:4      | Noticed Sigmund
  3463 | D:4      | Killed Sigmund
  3463 | D:4      | Reached XP level 6. HP: 41/41 MP: 3/10
  3678 | D:5      | Entered Level 5 of the Dungeon
  4025 | D:5      | Reached skill level 8 in Summonings
  4202 | D:5      | Noticed Dowan
  4207 | D:5      | Noticed Duvessa
  4217 | D:5      | Killed Duvessa
  4222 | D:5      | Killed Dowan
  4222 | D:5      | Reached XP level 7. HP: 20/46 MP: 2/12
  4433 | D:5      | Reached skill level 9 in Summonings
  5297 | D:6      | Reached skill level 10 in Summonings
  5297 | D:6      | Reached XP level 8. HP: 44/52 MP: 13/13
  5731 | D:6      | Got a brightly glowing mace
  5732 | D:6      | Identified the +10 mace of Peril {crush, SInv} (You found it on level 6 of the Dungeon)
  6117 | D:7      | Reached skill level 11 in Summonings
  6346 | D:7      | Found an iron altar of Okawaru.
  6346 | D:7      | Found a radiant altar of Vehumet.
  6355 | D:7      | Noticed Eustachio
  6356 | D:7      | Found a burning altar of Makhleb.
  6360 | D:7      | Found an opulent altar of Gozag.
  6360 | D:7      | Found an ancient bone altar of Kikubaaqudgha.
  6368 | D:7      | Killed Eustachio
  6529 | D:7      | Reached skill level 12 in Summonings
  6634 | D:7      | Reached XP level 9. HP: 53/57 MP: 2/14
  6961 | D:7      | Noticed a slime creature
  6973 | D:7      | Killed a slime creature
  7816 | D:8      | Found a deep blue altar of Sif Muna.
  7853 | D:8      | Became a worshipper of Sif Muna the Loreminder
  7962 | D:8      | Reached skill level 13 in Summonings
  8530 | D:8      | Learned a level 4 spell: Summon Ice Beast
  8579 | D:9      | Found a shattered altar of Ashenzari.
  8593 | D:9      | Reached skill level 1 in Invocations
  8627 | D:9      | Reached skill level 1 in Ice Magic
  8635 | D:9      | Noticed Grum
  8635 | D:9      | Found a flagged portal.
  8652 | D:9      | Killed Grum
  8658 | D:9      | Acquired Sif Muna's first power
  8764 | Bailey   | Entered a bailey
  8865 | Bailey   | Noticed an orc knight
  8892 | Bailey   | Killed an orc knight
  9010 | D:9      | Found a staircase to the Lair.
  9167 | D:9      | Reached XP level 10. HP: 63/63 MP: 9/16
  9784 | D:9      | Reached skill level 5 in Ice Magic
 10070 | Lair:1   | Entered Level 1 of the Lair of Beasts
 10141 | Lair:1   | Found a shattered altar of Ashenzari.
 10141 | Lair:1   | Noticed a black mamba
 10147 | Lair:1   | Killed a black mamba
 10147 | Lair:1   | Acquired Sif Muna's second power
 11223 | Lair:2   | Reached skill level 5 in Invocations
 11322 | Lair:2   | Reached skill level 1 in Staves
 11403 | Lair:2   | Noticed a griffon
 11416 | Lair:2   | Killed a griffon
 11416 | Lair:2   | Reached XP level 11. HP: 12/68 MP: 10/19
 12126 | Lair:3   | Found a hole to the Spider Nest.
 12500 | Lair:3   | Learned a level 4 spell: Summon Guardian Golem
 12540 | Lair:3   | Reached skill level 1 in Hexes
 13179 | Lair:3   | Noticed an eight-headed hydra
 13214 | Lair:3   | HP: 2/68 [eight-headed hydra (6)]
 13214 | Lair:3   | Mangled by an eight-headed hydra

Action                   |  1- 3 |  4- 6 |  7- 9 | 10-12 || total
-------------------------+-------+-------+-------+-------++-------
Melee: Unarmed           |     8 |       |       |       ||     8
       Dagger            |   177 |   265 |   116 |       ||   558
       Lajatang          |       |       |   193 |   288 ||   481
 Fire: Shortbow          |       |       |    84 |    75 ||   159
 Cast: Summon Small Mamm |     6 |       |       |       ||     6
       Call Imp          |     4 |     7 |    10 |     3 ||    24
       Call Canine Famil |     3 |    10 |    18 |     8 ||    39
       Summon Ice Beast  |       |       |    23 |    54 ||    77
Invok: Channel Energy    |       |       |    30 |    78 ||   108
 Abil: Bottle Blood      |       |       |    50 |    63 ||   113
Evoke: Wand              |       |       |       |     4 ||     4
  Use: Potion            |     5 |       |    47 |    51 ||   103
       Scroll            |       |     8 |    13 |     5 ||    26
 Stab: Sleeping          |     8 |     3 |     7 |     6 ||    24
       Distracted        |     1 |     4 |     5 |     2 ||    12
  Eat: Corpse            |    14 |    16 |     4 |       ||    34
